 Dungeon Crawl Stone Soup version 0.21-a0-630-g344d351 (webtiles) character file.

2006 slep the Slasher (level 9, -9/68 HPs)
             Began as a Demonspawn Monk on Dec 25, 2017.
             Was a Believer of Okawaru.
             Mangled by Joseph
             ... wielding a +0 quarterstaff
              (19 damage)
             ... on level 8 of the Dungeon.
             The game lasted 00:25:40 (6589 turns).

slep the Slasher (Demonspawn Monk)                  Turns: 6589, Time: 00:25:41

Health: -9/68      AC:  8    Str: 12    XL:     9   Next: 2%
Magic:  9/9        EV: 15    Int: 12    God:    Okawaru [**....]
Gold:   497        SH:  0    Dex: 18    Spells: 8/8 levels left

rFire    + . .     SeeInvis .   a - +0 falchion
rCold    . . .     Gourm    .   (no shield)
rNeg     . . .     Faith    .   t - +0 leather armour
rPois    .         Spirit   .   p - +0 helmet
rElec    .         Reflect  .   (no cloak)
rCorr    .         Harm     +   v - +0 pair of gloves
MR       .....                  s - +0 pair of boots
Stlth    +++.......             q - amulet of harm
HPRegen  0.21/turn              y - ring of protection from fire
MPRegen  0.11/turn              (no ring)

@: no status effects
A: hooves 2, yellow scales 1, foul stench 1, spiny 1, rot immunity
a: Heroism, Renounce Religion


You were on level 8 of the Dungeon.
You worshipped Okawaru.
Okawaru was pleased with you.
You were not hungry.

You visited 2 branches of the dungeon, and saw 9 of its levels.

You collected 497 gold pieces.

Inventory:

Hand Weapons
 a - a +0 falchion (weapon)
 u - the +4 Vampire's Tooth {vamp}
   (You found it on level 4 of the Dungeon)

   It inflicts no extra harm, but heals its wielder when it wounds a living foe.
 C - a +0 blowgun
 G - the +1 hand crossbow "Sed Wih" {flame, rF+ Str+4}
   (You found it on level 7 of the Dungeon)

   It causes projectiles fired from it to burn those they strike, causing extra
   injury to most foes and up to half again as much damage against particularly
   susceptible opponents.
   It affects your strength (+4).
   It protects you from fire.
Missiles
 d - a throwing net
 j - 46 poisoned needles
 w - 5 silver tomahawks (quivered)
 z - 9 tomahawks
 H - 17 sling bullets
Armour
 b - a +0 robe
 p - a +0 helmet (worn)
 s - a +0 pair of boots (worn)
 t - a +0 leather armour (worn)
 v - a +0 pair of gloves (worn)
Jewellery
 q - an amulet of harm (around neck)
 y - a ring of protection from fire (left hand)
Wands
 F - a wand of iceblast (10)
Scrolls
 f - 3 scrolls of amnesia
 g - 2 scrolls of fear {unknown}
 h - 9 scrolls of identify
 i - 5 scrolls of remove curse
 l - 3 scrolls of teleportation {unknown}
 n - 2 scrolls of random uselessness {unknown}
 o - a scroll of enchant armour {unknown}
 r - a scroll of magic mapping {unknown}
 x - 2 scrolls of blinking {unknown}
 A - 2 scrolls of enchant weapon {unknown}
Potions
 e - 3 potions of curing
 k - a potion of lignification
 m - a potion of brilliance
 B - a potion of heal wounds
 D - a potion of magic {unknown}
Comestibles
 c - 11 rations
 E - 3 chunks of flesh


   Skills:
 + Level 5.4 Fighting
 + Level 7.2 Long Blades
 + Level 3.0 Armour
 + Level 5.2 Dodging
 + Level 5.4 Stealth


You had 8 spell levels left.
You didn't know any spells.

Dungeon Overview and Level Annotations

Branches:
Dungeon (8/15)             Temple (1/1) D:6
   Lair: D:8-11

Altars:
Ashenzari
Cheibriados
Dithmenos
Elyvilon
Fedhas
Gozag
Hepliaklqana
Kikubaaqudgha
Makhleb
Nemelex Xobeh
Okawaru
Qazlal
Ru
Sif Muna
Trog
Uskayaw
Vehumet
Wu Jian
Xom
Yredelemnul
Zin
The Shining One

Annotations:
D:5 Cedruin's ghost, novice HOBe
D:6 Blork the orc
D:8 Joseph


Innate Abilities, Weirdness & Mutations

You have hoof-like feet.
You are partially covered in yellow scales. (AC +2)
You may emit foul miasma when damaged in melee.
You are partially covered in sharp spines.
You are immune to rotting.


Message History

Joseph is struck by your spines. Joseph hits you with a quarterstaff!
You hit Joseph.
Joseph is lightly wounded.
Joseph hits you with a quarterstaff!
You hit Joseph but do no damage.
Joseph is lightly wounded.
Joseph is struck by your spines. Joseph misses you.
You barely miss Joseph.
Joseph is lightly wounded.
Joseph hits you with a quarterstaff!
You hit Joseph.
Joseph is lightly wounded.
You hit Joseph but do no damage.
Joseph is lightly wounded.
Joseph hits you with a quarterstaff!
* * * LOW HITPOINT WARNING * * *
You closely miss Joseph.
Joseph is lightly wounded.
Joseph hits you with a quarterstaff!
You die...

##.......##
#.........#
#.........# #
#.........## ..
#...>......# ...
#..........## ....
#....<.....# ##.....
...........###....##.
............@@......
....#.###..##..####.
.##.#. ##.. ..# # #.
........ ..#....###
.## ..... #. ..#... .
.##...


You could see Joseph.

Vanquished Creatures
  Edmund (D:6)
  An ice beast (D:7)
  A phantom (D:5)
  2 ogres
  A centaur (D:5)
  A big kobold (D:6)
  4 bullfrogs
  A scorpion (D:7)
  2 vampire bats (D:4)
  2 crimson imps
  A centaur zombie (D:7)
  The ghost of IronCretin the Magician, a weakling DEWz (D:3)
  3 hounds
  2 jellies
  4 orc wizards
  An orc priest (D:3)
  A centaur skeleton (D:6)
  An iguana (D:4)
  5 worker ants
  Robin (D:2)
  13 gnolls
  12 adders
  2 oozes (D:3)
  A dart slug (D:2)
  3 worms
  3 leopard geckos
  24 orcs
  15 bats
  7 giant cockroaches
  19 goblins
  6 hobgoblins
  5 jackals
  11 kobolds
  5 quokkas
  A ball python zombie (D:5)
  3 frilled lizards
  A leopard gecko skeleton (D:4)
  A quokka skeleton (D:7)
  14 rats
182 creatures vanquished.

Vanquished Creatures (others)
  5 dream sheep (D:3)
5 creatures vanquished.

Grand Total: 187 creatures vanquished

Notes
Turn   | Place    | Note
-------+----------+-------------------------------------------
     0 | D:1      | slep the Demonspawn Monk began the quest for the Orb.
     0 | D:1      | Reached XP level 1. HP: 18/18 MP: 1/1
   365 | D:1      | Gained mutation: You are partially covered in yellow scales. (AC +2) [demonic ancestry]
   365 | D:1      | Reached XP level 2. HP: 20/24 MP: 2/2
   468 | D:1      | Reached skill level 3 in Long Blades
   520 | D:1      | Gained mutation: You are partially covered in sharp spines. [demonic ancestry]
   520 | D:1      | Reached XP level 3. HP: 4/29 MP: 3/3
  1395 | D:2      | Found an opulent altar of Gozag.
  1398 | D:2      | Gained mutation: You have large cloven feet. [demonic ancestry]
  1398 | D:2      | Reached XP level 4. HP: 30/35 MP: 4/4
  1508 | D:2      | Noticed Robin
  1553 | D:2      | HP: 1/35 [goblin[Robin] (3)]
  1559 | D:2      | Killed Robin
  1731 | D:2      | Gained mutation: You are immune to rotting. [demonic ancestry]
  1731 | D:2      | Reached XP level 5. HP: 23/41 MP: 5/5
  1903 | D:3      | Noticed IronCretin's ghost (weakling DEWz)
  1916 | D:3      | Reached skill level 4 in Long Blades
  2572 | D:4      | Found a blossoming altar of Fedhas.
  2663 | D:4      | Gained mutation: You may emit foul miasma when damaged in melee. [demonic ancestry]
  2663 | D:4      | Reached XP level 6. HP: 46/48 MP: 6/6
  2773 | D:4      | Found the +4 Vampire's Tooth {vamp}
  3094 | D:5      | Entered Level 5 of the Dungeon
  3274 | D:5      | Reached skill level 5 in Long Blades
  3274 | D:5      | Reached XP level 7. HP: 54/54 MP: 7/7
  3308 | D:5      | Noticed Cedruin's ghost (novice HOBe)
  3498 | D:6      | Reached skill level 1 in Armour
  3508 | D:6      | Found a shadowy altar of Dithmenos.
  3619 | D:6      | Noticed Blork the orc
  3664 | D:5      | Reached XP level 8. HP: 20/61 MP: 8/8
  3672 | D:5      | Reached skill level 6 in Long Blades
  3899 | D:3      | Noticed a dream sheep
  3899 | D:3      | Noticed a dream sheep
  3899 | D:3      | Noticed a dream sheep
  3899 | D:3      | Noticed a dream sheep
  3899 | D:3      | Noticed a dream sheep
  3899 | D:3      | Found a shimmering altar of Xom.
  3903 | D:3      | Killed a dream sheep
  3905 | D:3      | Killed a dream sheep
  3905 | D:3      | Killed a dream sheep
  3905 | D:3      | Killed a dream sheep
  3905 | D:3      | Killed a dream sheep
  3962 | D:3      | HP: 2/91 [IronCretin's ghost (4)]
  3971 | D:3      | Killed IronCretin's ghost
  4409 | D:3      | Found an opulent altar of Gozag.
  4410 | D:3      | Found a sparkling altar of Nemelex Xobeh.
  4930 | D:5      | Found a hazy altar of Hepliaklqana.
  4960 | D:5      | Found an ornate altar of the Wu Jian Council.
  4970 | D:5      | Found a basalt altar of Yredelemnul.
  4970 | D:5      | Found a shattered altar of Ashenzari.
  5148 | D:6      | Noticed Edmund
  5196 | D:6      | Killed Edmund
  5196 | D:6      | Reached skill level 5 in Fighting
  5293 | D:6      | Found a staircase to the Ecumenical Temple.
  5333 | Temple   | Entered the Ecumenical Temple
  5408 | Temple   | Became a worshipper of Warmaster Okawaru
  5408 | Temple   | Reached * piety under Okawaru
  5408 | Temple   | Reached ** piety under Okawaru
  5759 | D:6      | Reached skill level 5 in Dodging
  5968 | D:7      | Found a snail-covered altar of Cheibriados.
  6020 | D:7      | Reached skill level 5 in Stealth
  6058 | D:7      | Found a white marble altar of Elyvilon.
  6228 | D:7      | Got an encrusted hand crossbow
  6245 | D:7      | Reached skill level 7 in Long Blades
  6254 | D:7      | Identified the cursed +1 hand crossbow "Sed Wih" {flame, rF+ Str+4} (You found it on level 7 of the Dungeon)
  6337 | D:7      | Found a burning altar of Makhleb.
  6338 | D:7      | Found a radiant altar of Vehumet.
  6439 | D:7      | Gained mutation: You have hoof-like feet. [demonic ancestry]
  6439 | D:7      | Reached XP level 9. HP: 61/68 MP: 9/9
  6578 | D:8      | Noticed Joseph
  6589 | D:8      | Mangled by Joseph

Vault maps used:
D:1:      saegor_arrival_simple_c
D:2:      nicolae_gozag_cash_rules_everything_around_me, uniq_robin
D:3:      grunt_temple_overflow_opulence, kb_xom_exploding_sheep, minivault_14
D:4:      lemuel_crystal_altar, first_ration,
          minmay_guarded_unrand_vampires_tooth
D:5:      minitemple, minmay_misc_feat_more_columns
D:6:      grunt_dithmenos_smoke, minmay_temple_entry_butterflies, uniq_edmund,
          uniq_blork_the_orc
D:7:      grunt_temple_overflow_lords_of_destruction,
          lemuel_coloured_pillars_altar, basic_altar
D:8:      basic_altar, uniq_joseph
Temple:   compressed_dpeg_circular_temple

Skill      XL: |  1  2  3  4  5  6  7  8  9 |
---------------+----------------------------+-----
Stealth        | 2 3 4 5 |  5.4
Long Blades    | 3 4 5 7 |  7.2
Dodging        | 3 4 5 |  5.2
Fighting       | 4 5 |  5.4
Armour         | 1 2 3 |  3.0

Action                   |  1- 3 |  4- 6 |  7- 9 || total
-------------------------+-------+-------+-------++-------
Melee: Falchion          |    86 |   134 |   261 ||   481
       Kick              |       |    55 |    24 ||    79
  Use: Potion            |       |     1 |     3 ||     4
       Scroll            |       |       |     3 ||     3
 Stab: Sleeping          |     5 |     5 |    10 ||    20
       Distracted        |       |     1 |       ||     1
       Invisible         |       |       |     3 ||     3
  Eat: Chunk             |     2 |     6 |    11 ||    19
Armor: Robe              |    21 |    31 |       ||    52
       Leather armour    |       |     2 |    51 ||    53
       Skin              |       |       |    14 ||    14
Dodge: Dodged            |    72 |   100 |   168 ||   340
       Rpst.: Falchion   |    25 |    31 |    63 ||   119

Table legend:
 A = Spawn XP
 B = Non-spawn XP
 C = Spawn XP percentage of total XP
 D = Spawn monster count
 E = Non-spawn monster count
 F = Spawn count percentage of total count
 G = Total turns spent on level
                    A         B        C        D         E        F      G
               +---------+---------+-------+---------+---------+-------+---------
         Total |       0 |    2866 |   0.0 |       0 |     183 |   0.0 |  6589
               +---------+---------+-------+---------+---------+-------+---------
           D:1 |       0 |      59 |   0.0 |       0 |      22 |   0.0 |  1220
           D:2 |       0 |     158 |   0.0 |       0 |      41 |   0.0 |   679
           D:3 |       0 |     249 |   0.0 |       0 |      32 |   0.0 |   987
           D:4 |       0 |     444 |   0.0 |       0 |      29 |   0.0 |  1424
           D:5 |       0 |     626 |   0.0 |       0 |      20 |   0.0 |   583
           D:6 |       0 |     604 |   0.0 |       0 |      20 |   0.0 |   965
           D:7 |       0 |     683 |   0.0 |       0 |      18 |   0.0 |   583
           D:8 |       0 |      43 |   0.0 |       0 |       1 |   0.0 |    38
               +---------+---------+-------+---------+---------+-------+---------
